 Dungeon Crawl Stone Soup version 0.26.1-2-gb8aa6d0cf2 (webtiles) character file.

Game seed: 10045950730751607492

638 DearestLeader the Spear-Bearer (level 7, -2/46 HPs)
             Began as a Merfolk Ice Elementalist on Mar 22, 2021.
             Slain by Menkaure (20 damage)
             ... on level 4 of the Dungeon.
             The game lasted 00:07:32 (4153 turns).

DearestLeader the Spear-Bearer (MfIE)               Turns: 4153, Time: 00:07:32

Health: -2/46      AC:  7    Str:  8    XL:     7   Next: 50%
Magic:  8/10       EV: 12    Int: 16    God:
Gold:   208        SH:  0    Dex: 15    Spells: 6/10 levels left

rFire    . . .     SeeInvis .   u - +0 trident
rCold    . . .     Faith    .   (no shield)
rNeg     . . .     Spirit   .   g - +0 leather armour
rPois    .         Reflect  .   w - +2 helmet
rElec    .         Harm     .   (no cloak)
rCorr    .         Rampage  .   (no gloves)
Will     .....                  o - +0 pair of boots
Stlth    +++.......             (no amulet)
HPRegen  0.15/turn              b - ring of stealth
MPRegen  0.12/turn              (no ring)

@: brilliant, frozen ramparts
A: change form in water, swift swim, stealthy swim
a: no special abilities


You were on level 4 of the Dungeon.
You visited 1 branch of the dungeon, and saw 4 of its levels.

You collected 208 gold pieces.

Inventory:

Hand Weapons
 i - a +0 hunting sling
 t - a +0 halberd
 u - a +0 trident (weapon)
Missiles
 f - 14 poisoned darts (quivered)
 k - 13 sling bullets
Armour
 a - a +0 robe
 g - a +0 leather armour (worn)
 o - a +0 pair of boots (worn)
 s - a +0 helmet
 w - a +2 helmet (worn)
Jewellery
 b - a ring of stealth (left hand)
Scrolls
 d - 2 scrolls of fear {unknown}
 h - 2 scrolls of fog {unknown}
 j - a scroll of magic mapping {unknown}
 l - 3 scrolls of identify {unknown}
 m - 3 scrolls of amnesia {unknown}
 p - 2 scrolls of teleportation {unknown}
 q - a scroll of enchant weapon {unknown}
 r - a scroll of noise {unknown}
 v - a scroll of remove curse {unknown}
Potions
 c - a potion of brilliance
 e - a potion of curing
 n - a potion of magic {unknown}


   Skills:
 * Level 9.8 Polearms
 - Level 2.6 Dodging
 - Level 2.1 Stealth
 - Level 2.0 Spellcasting
 - Level 6.0 Ice Magic


You had 6 spell levels left.
You knew the following spells:

 Your Spells              Type           Power        Failure   Level
a - Freeze                Ice            100%         2%          1
b - Frozen Ramparts       Ice            62%          8%          3

Your spell library contained the following spells:

 Spells                   Type           Power        Failure   Level
 Ozocubu's Armour         Ice            31%          8%          3
 Hailstorm                Conj/Ice       16%          65%         4
 Summon Ice Beast         Ice/Summ       16%          65%         4


Dungeon Overview and Level Annotations

Branches:
Dungeon (4/15)
 Temple: D:4-7

Altars:

Annotations:
D:4 Menkaure


Message History

The wall freezes Menkaure.
The wall freezes the gnoll.
You kill the gnoll!
Casting: Frozen Ramparts (dangerous; 8% risk of failure)
Confirm with . or Enter, or press ? or * to list all spells.
You don't know that spell.
Unknown command.
Reach: u) +0 trident
Press: ? - help, Dir - move target, f - Menkaure
Aim: Menkaure (lightly damaged, fast)
You reach to attack!
You hit Menkaure.
Menkaure is moderately damaged.
Menkaure completely resists.
The wall freezes Menkaure but does no damage.
You hit Menkaure.
Menkaure is heavily damaged.
Menkaure resists.
The wall freezes Menkaure.
Menkaure barely misses you.
You hit Menkaure.
Menkaure is severely damaged.
Menkaure resists.
The wall freezes Menkaure.
Menkaure hits you!!
You die...

############
#...........
#.########## #.#
####### #.#
#####.....######.#
#
#...'............#
#
#.###.....#########
#
#...+.....@M......#
#
#..##...(.#######.#
# ######..##.....#
#.# #
#.......##....[#
#M# #
#.#####.########
#####'## ####
#.#...#.# #......#
#... #.#.#.#.#
#####......#####.##
#.#.#.#.#
#...'..............
#.#.#.#.#
#.###......#####...


You could see Menkaure (fast).

Vanquished Creatures
  Sigmund (D:4)
  2 ogres (D:4)
  A scorpion (D:4)
  A hound (D:4)
  A worker ant (D:4)
  A hound skeleton (D:4)
  Robin (D:3)
  7 gnolls
  3 adders (D:3)
  An ooze (D:4)
  A worm (D:2)
  2 dart slugs
  2 leopard geckos (D:2)
  5 orcs
  A ball python (D:3)
  6 bats
  7 giant cockroaches
  12 goblins
  9 hobgoblins
  7 kobolds
  A quokka (D:3)
  2 frilled lizards
  4 rats
78 creatures vanquished.

Notes
Turn   | Place    | Note
-------+----------+-------------------------------------------
     0 | D:1      | DearestLeader the Merfolk Ice Elementalist began the quest
                  | for the Orb.
     0 | D:1      | Reached XP level 1. HP: 13/13 MP: 3/3
   437 | D:1      | Reached XP level 2. HP: 19/19 MP: 5/5
   496 | D:1      | Reached skill level 5 in Ice Magic
   984 | D:2      | Found a faded altar of an unknown god.
  1116 | D:2      | Reached XP level 3. HP: 22/24 MP: 3/6
  1713 | D:2      | Learned a level 3 spell: Frozen Ramparts
  2406 | D:3      | Reached skill level 1 in Polearms
  2413 | D:3      | Noticed Robin
  2416 | D:3      | Killed Robin
  2417 | D:3      | Reached XP level 4. HP: 30/30 MP: 1/7
  2563 | D:3      | Reached skill level 2 in Polearms
  2564 | D:3      | Reached skill level 3 in Polearms
  2566 | D:3      | Reached XP level 5. HP: 34/35 MP: 4/8
  2567 | D:3      | Reached skill level 4 in Polearms
  3215 | D:4      | Noticed an ogre
  3221 | D:4      | Killed an ogre
  3222 | D:4      | Reached skill level 6 in Polearms
  3222 | D:4      | Reached XP level 6. HP: 41/41 MP: 5/9
  3358 | D:4      | Reached skill level 7 in Polearms
  3420 | D:4      | Reached skill level 8 in Polearms
  3688 | D:4      | Noticed Sigmund
  3735 | D:4      | Reached XP level 7. HP: 37/46 MP: 6/10
  3924 | D:4      | Killed Sigmund
  3925 | D:4      | Reached skill level 9 in Polearms
  4079 | D:4      | Noticed Menkaure
  4153 | D:4      | Slain by Menkaure

Illustrated notes

Levels and vault maps discovered:
D:1:      roderic_dead_forest, layout_basic
D:2:      layout_loops_ring, chequers_ecumenical_altar_simple_redux,
          minmay_misc_feat_pillars, kennysheep_cluttered_room
D:3:      layout_loops_corners, uniq_robin
D:4:      layout_basic, uniq_menkaure, uniq_sigmund

Skill      XL: |  1  2  3  4  5  6  7 |
---------------+----------------------+-----
Ice Magic      | 5 6 |  6.0
Polearms       | 1 3 6 8 9 |  9.8
Dodging        | |  2.6
Stealth        | |  2.1
Spellcasting   | |  2.0

Action                   |  1- 3 |  4- 6 |  7- 9 || total
-------------------------+-------+-------+-------++-------
Melee: Dagger            |     4 |       |       ||     4
       Spear             |    21 |    12 |       ||    33
       Halberd           |       |    40 |       ||    40
       Trident           |       |    18 |    22 ||    40
 Fire: Hunting sling     |    88 |       |       ||    88
 Cast: Freeze            |    20 |     4 |       ||    24
       Frozen Ramparts   |     2 |     6 |     3 ||    11
  Use: Potion            |       |       |     2 ||     2
 Stab: Sleeping          |     2 |     2 |       ||     4
Armor: Robe              |     4 |       |       ||     4
       Leather armour    |     8 |    13 |     2 ||    23
Dodge: Dodged            |    24 |    40 |     6 ||    70
